 Dungeon Crawl Stone Soup version 0.22-a0-412-g2b68d144a4 (webtiles) character file.

65 Kriby the Ruffian (level 3, -2/36 HPs)
             Began as a Troll Monk on May 12, 2018.
             Slain by a gnoll
             ... wielding a cursed +0 halberd
              (5 damage)
             ... on level 2 of the Dungeon.
             The game lasted 00:00:39 (845 turns).

Kriby the Ruffian (Troll Monk)                       Turns: 845, Time: 00:00:40

Health: -2/36      AC:  5    Str: 20    XL:     3   Next: 92%
Magic:  2/2        EV: 11    Int:  6    God:
Gold:   66         SH:  0    Dex: 12    Spells: 2/2 levels left

rFire    . . .     SeeInvis .     - Unarmed
rCold    . . .     Gourm    +   (no shield)
rNeg     . . .     Faith    .   a - +0 robe
rPois    .         Spirit   .   (helmet restricted)
rElec    .         Reflect  .   (no cloak)
rCorr    .         Harm     .   (gloves unavailable)
MR       .....                  (boots unavailable)
Stlth    ++........             (no amulet)
HPRegen  0.52/turn              (no ring)
MPRegen  0.08/turn              (no ring)

@: no status effects
A: large, unfitting armour, claws 3, fast metabolism 3, gourmand, regeneration
1, shaggy fur 1, tough skin 2
a: no special abilities


You were on level 2 of the Dungeon.
You were completely stuffed.

You visited 1 branch of the dungeon, and saw 2 of its levels.

You collected 66 gold pieces.

Inventory:

Armour
 a - a +0 robe (worn)
Scrolls
 c - 2 scrolls of identify {unknown}
 e - 3 scrolls of immolation {unknown}
 g - a scroll of amnesia {unknown}
 h - a scroll of remove curse {unknown}
Potions
 d - a potion of flight {unknown}
 f - a potion of cancellation {unknown}
 i - a potion of brilliance {unknown}
Comestibles
 b - 3 rations
 j - 4 chunks of flesh


   Skills:
 + Level 2.9 Fighting
 + Level 2.9 Dodging
 - Level 1.3 Stealth
 * Level 3.6 Unarmed Combat


You had 2 spell levels left.
You didn't know any spells.
Your spell library was empty.

Dungeon Overview and Level Annotations

Branches:
Dungeon (2/15)

Altars:


Innate Abilities, Weirdness & Mutations

You are too large for most types of armour.
You have claws for hands.
Your metabolism is lightning-fast.
You like to eat raw meat.
Your natural rate of healing is unusually fast.
You are covered in fur. (AC +1)
You have very tough skin. (AC +2)


Message History

You claw the gnoll!
You kill the gnoll!
The gnoll hits you but does no damage. The gnoll closely misses you.
Things that are here:
a spear; a gnoll corpse You claw the gnoll!
The gnoll is heavily wounded.
The gnoll hits you with a club. The gnoll closely misses you.
You scratch the gnoll.
The gnoll is severely wounded.
The gnoll closely misses you.
You scratch the gnoll.
The gnoll is almost dead.
The gnoll hits you from afar with a halberd.
The gnoll hits you with a club!
* * * LOW HITPOINT WARNING * * *
You claw the gnoll!
You kill the gnoll!
The gnoll hits you from afar with a halberd.
You die...

##.## ..#.# ##...##
#.#.# ##.....##
#.#.#### .......
#.#..... .....
#.#..### .g.
..###....### #g#
#...........# #)#
#######...... #@#
##..#.# ##.## #..###
#...# #..... #.#.#
##'#### #...# ##...##
#.#### ##.....##
#.##.## ##.......#
###.#...####.....(...
#..........+.........


You could see 2 gnolls.

Vanquished Creatures
  An adder (D:2)
  2 gnolls (D:2)
  A dart slug (D:1)
  A leopard gecko (D:2)
  6 goblins (D:1)
  2 hobgoblins (D:1)
  4 jackals (D:2)
  3 kobolds (D:1)
  8 bats
  A frilled lizard (D:1)
  3 rats
32 creatures vanquished.

Notes
Turn   | Place    | Note
-------+----------+-------------------------------------------
     0 | D:1      | Kriby the Troll Monk began the quest for the Orb.
     0 | D:1      | Reached XP level 1. HP: 22/22 MP: 0/0
   138 | D:1      | Reached XP level 2. HP: 29/29 MP: 1/1
   717 | D:2      | Reached XP level 3. HP: 36/36 MP: 2/2
   845 | D:2      | Slain by a gnoll

Vault maps used:
D:1:      ncdulo_wetmaze
D:2:      chequers_temple_overflow_statue_of_worship, minmay_split_cup_small,
          uniq_jessica, uniq_crazy_yiuf_cottage

Action                   || total
-------------------------++-------
Melee: Unarmed           ||    83
 Stab: Sleeping          ||     1
  Eat: Chunk             ||    13
Armor: Robe              ||    46
Dodge: Dodged            ||    57

Table legend:
 A = Spawn XP
 B = Non-spawn XP
 C = Spawn XP percentage of total XP
 D = Spawn monster count
 E = Non-spawn monster count
 F = Spawn count percentage of total count
 G = Total turns spent on level
                    A         B        C        D         E        F      G
               +---------+---------+-------+---------+---------+-------+---------
         Total |       0 |      93 |   0.0 |       0 |      32 |   0.0 |   845
               +---------+---------+-------+---------+---------+-------+---------
           D:1 |       0 |      38 |   0.0 |       0 |      22 |   0.0 |   704
           D:2 |       0 |      55 |   0.0 |       0 |      10 |   0.0 |   141
               +---------+---------+-------+---------+---------+-------+---------
